 Dungeon Crawl Stone Soup version 0.30-a0-187-gd9c2deaf24 (webtiles) character file.

Game seed: 10514839950226844853

364 NinjaNoafa the Fanfare of Bloodshed (level 6, -1/48 HPs)
             Began as a Demonspawn Monk on Oct 3, 2022.
             Was a Believer of Makhleb.
             Slain by Duvessa
             ... wielding a +0 short sword
              (9 damage)
             ... on level 4 of the Dungeon.
             The game lasted 00:13:16 (3126 turns).

NinjaNoafa the Fanfare of Bloodshed (DsMo)          Turns: 3126, Time: 00:13:17

Health: -1/48      AC:  8    Str: 11    XL:     6   Next: 39%
Magic:  9/9        EV: 18    Int: 15    God:    Makhleb [**....]
Gold:   117        SH:  0    Dex: 16    Spells: 5/5 levels left

rFire   . . .      SeeInvis .    j - +2 dagger (protect)
rCold   . . .      Faith    .    (no shield)
rNeg    . . .      Spirit   .    b - +0 robe
rPois   .          Reflect  .    (no helmet)
rElec   .          Harm     .    (no cloak)
rCorr   .          Rampage  .    l - +2 pair of gloves
Will    .....                    f - +2 pair of boots
Stlth   ++........               (no amulet)
HPRegen 0.28/turn                (no ring)
MPRegen 0.11/turn                (no ring)

@: mighty, agile, studying Shields
A: demonic guardian 1, powered by pain 1, big brain 1
a: Renounce Religion, Minor Destruction


You were on level 4 of the Dungeon.
You worshipped Makhleb.
Makhleb was pleased with you.
You visited 1 branch of the dungeon, and saw 4 of its levels.

You collected 117 gold pieces.

Inventory:

Hand Weapons
 j - a +2 dagger of protection (weapon)
Missiles
 d - 42 stones
Armour
 b - a +0 robe (worn)
 f - a +2 pair of boots (worn)
 l - a +2 pair of gloves (worn)
 p - a +0 buckler
Scrolls
 c - 2 scrolls of magic mapping
 g - a scroll of blinking
 k - 2 scrolls of immolation
Potions
 a - 2 potions of cancellation
 e - a potion of might
 h - a potion of curing
 i - 2 potions of brilliance {unknown}
 m - a potion of heal wounds {unknown}
 n - a potion of attraction {unknown}
 o - 2 potions of berserk rage {unknown}


   Skills:
 - Level 4.0 Fighting
 - Level 2.2(3.0) Short Blades
 - Level 3.0(3.3) Long Blades
 - Level 3.0 Dodging
 - Level 3.0 Stealth
 + Level 2.0 Shields
 - Level 5.0 Invocations


You had 5 spell levels left.
You didn't know any spells.
Your spell library contained the following spells:

 Spells                   Type           Power      Damage    Failure   Level
 Shock                    Conj/Air       0%         1d3       26%         1
 Swiftness                Air            0%         N/A       63%         3
 Airstrike                Air            0%         2d(0-16)  95%         4


Dungeon Overview and Level Annotations

Branches:
Dungeon (4/15)
 Temple: D:4-7

Altars:
Makhleb
Xom

Shops:
D:1 (

Annotations:
D:4 Duvessa


Innate Abilities, Weirdness & Mutations

A weak demonic guardian rushes to your aid.
You sometimes gain a little power by taking damage.
You have an unusually large brain. (Int +2)


Message History

Dowan barely misses you.
You miss Dowan.
Dowan is severely wounded.
You closely miss Dowan.
Dowan is severely wounded.
Dowan hits you with a +0 dagger. Duvessa closely misses you.
Your iron imp closely misses Dowan.
You puncture Dowan!
Your weapon exudes an aura of protection.
You kill Dowan!
Makhleb accepts your kill.
You feel better.
Duvessa weeps, and shakes her weapon.
Duvessa goes berserk!
Duvessa misses you. Duvessa hits you with a +0 short sword!
You focus on the pain.
You feel mightier all of a sudden.
Training target 5.0 for Invocations reached!
Your Invocations skill increases to level 5!
You need to enable at least one skill for training.
Your Shields skill gained 2 levels and is now at level 2!
You swap places.
Duvessa hits your iron imp with a +0 short sword.
Your iron imp hits Duvessa but does no damage.
Items here: ! ) [ †.
Duvessa hits your iron imp with a +0 short sword!
Duvessa barely misses your iron imp.
Your iron imp hits Duvessa.
Duvessa hits your iron imp with a +0 short sword!
Your iron imp dies!
Your iron imp disappears in a puff of smoke!
Duvessa shouts!
You see here 2 sapphire potions.
o - 2 sapphire potions Duvessa misses you.
You feel better. Duvessa hits you with a +0 short sword!
* * * LOW HITPOINT WARNING * * *
A demonic guardian appears!
You focus on the pain.
You feel agile all of a sudden. Duvessa hits you with a +0 short sword!
You die...

... ..# #. #.###
.... #.##.
.#...###.##>
..#.......#..
###.##..###....#
###...##......†...
##.e5# #.........<
##### #.@###
#.......... ....#
#######.##
#........). ....#
#)......#
.......)...
....#####.#######
##.........
....#............
#.........
.....>#..########
#.........
....###.##
#.........
......#.#
#.#..#.##.
....#.#.#
###....#>.#.


You could see Duvessa (berserk, ally target) and a friendly shadow imp
(summoned).

Vanquished Creatures
  Sigmund (D:4)
  Dowan (D:4)
  Jessica (D:3)
  A gnoll (D:1)
  3 adders
  A worm (D:2)
  A dart slug (D:1)
  2 orcs
  9 endoplasms
  4 giant cockroaches (D:1)
  8 goblins
  5 hobgoblins
  8 jackals
  7 kobolds
  2 quokkas
  10 ball pythons
  4 bats
  4 frilled lizards
  5 rats
77 creatures vanquished.

Notes
Turn   | Place    | Note
-------+----------+-------------------------------------------
     0 | D:1      | NinjaNoafa the Demonspawn Monk began the quest for the Orb.
     0 | D:1      | Reached XP level 1. HP: 18/18 MP: 1/1
   199 | D:1      | Gained mutation: You have an unusually large brain. (Int
                  | +2) [demonic ancestry]
   199 | D:1      | Reached XP level 2. HP: 24/24 MP: 2/2
   381 | D:1      | Gained mutation: A weak demonic guardian rushes to your
                  | aid. [demonic ancestry]
   381 | D:1      | Reached XP level 3. HP: 29/29 MP: 3/3
   636 | D:1      | Found Hoeczim's Antique Weapon Boutique.
  1062 | D:2      | Found a burning altar of Makhleb.
  1070 | D:2      | Became a worshipper of Makhleb the Destroyer
  1070 | D:2      | Reached * piety under Makhleb
  1070 | D:2      | Reached ** piety under Makhleb
  1258 | D:2      | Found a faded altar of an unknown god.
  1284 | D:2      | Reached XP level 4. HP: 35/37 MP: 4/4
  2047 | D:3      | Found a shimmering altar of Xom.
  2406 | D:3      | Noticed Jessica
  2413 | D:3      | Killed Jessica
  2414 | D:3      | Reached skill level 1 in Short Blades
  2463 | D:3      | Identified a scroll of acquirement
  2597 | D:3      | Gained mutation: You sometimes gain a little power by
                  | taking damage. [demonic ancestry]
  2597 | D:3      | Reached XP level 5. HP: 42/42 MP: 5/5
  2850 | D:4      | Noticed Sigmund
  2864 | D:4      | Killed Sigmund
  2865 | D:4      | Reached skill level 4 in Invocations
  2865 | D:4      | Reached XP level 6. HP: 48/48 MP: 5/9
  2960 | D:4      | Acquired a manual of Shields
  3099 | D:4      | Noticed Dowan
  3102 | D:4      | Noticed Duvessa
  3120 | D:4      | Killed Dowan
  3121 | D:4      | Reached skill level 5 in Invocations
  3126 | D:4      | Slain by Duvessa

Illustrated notes

Levels and vault maps discovered:
D:1:      dpeg_arrival_pond, layout_loops_ring, serial_shops, shop
D:2:      layout_basic, basic_altar, hellmonk_ecumenical_altar_run_dry,
          minmay_octomino_j4
D:3:      layout_loops_ring, mainiacjoe_overflow_brackets, minivault_26,
          uniq_jessica
D:4:      layout_rooms, ebering_ghost_inner_flame, uniq_sigmund, uniq_duvessa,
          uniq_menkaure

Skill      XL: |  1  2  3  4  5  6 |
---------------+-------------------+-----
Stealth        | 2 3 |  3.0
Long Blades    | 3 |  3.0
Dodging        | 3 |  3.0
Fighting       | 4 |  4.0
Short Blades   | 2 |  2.2
Invocations    | 4 5 |  5.0
Shields        | 2 |  2.0

Action                   |  1- 3 |  4- 6 || total
-------------------------+-------+-------++-------
Melee: Falchion          |   144 |       ||   144
       Dagger            |     4 |   112 ||   116
       Punch             |     2 |     2 ||     4
       Trident           |       |    14 ||    14
Invok: Minor Destruction |     1 |     5 ||     6
Evoke: Wand              |       |     2 ||     2
  Use: Scroll            |     3 |     9 ||    12
       Potion            |     1 |     3 ||     4
 Stab: Sleeping          |     7 |     9 ||    16
Armor: Robe              |    59 |    51 ||   110
Dodge: Dodged            |   143 |   102 ||   245

Table legend: (Time is in decaauts)
 A = Elapsed time spent in this place.
 B = Non-inter-level travel time spent in this place.
 C = Inter-level travel time spent in this place.
 D = Time resting spent in this place.
 E = Time spent auto-exploring this place.
 F = Levels seen in this place.
 G = Mean time per level.
                   A        B        C        D        E       F      G
               +--------+--------+--------+--------+--------+-----+--------+
         Total |   3134 |   2970 |    164 |    100 |   2016 |   4 |  783.5 |
       Dungeon |   3134 |   2970 |    164 |    100 |   2016 |   4 |  783.5 |
               +--------+--------+--------+--------+--------+-----+--------+

Top non-repeatable levels by time:
     D:2: 1113 daAuts
     D:1: 953 daAuts
     D:3: 692 daAuts
     D:4: 374 daAuts
